 Dungeon Crawl Stone Soup version 0.32-a0-18-g89e19f1 (webtiles) character file.

Game seed: 7100565463764340055

217558 Rogue the Brawler (level 18, -5/198 HPs)
             Began as a Troll Monk on Jan 15, 2024.
             Was a High Priest of Qazlal.
             Slain by a jumping spider simulacrum (16 damage)
             ... on level 3 of the Spider Nest on Jan 16, 2024.
             The game lasted 03:55:41 (29975 turns).

Rogue the Brawler (Troll Monk)                     Turns: 29975, Time: 03:55:41

Health: -5/198     AC:  2    Str: 34    XL:     18   Next: 39%
Magic:  0/26       EV: 10    Int: 11    God:    Qazlal [*****.]
Gold:   924        SH:  0    Dex: 12    Spells: 8/17 levels left

rFire   . .          .
                       - Unarmed
rCold   . . .        k - +0 tower shield
rNeg    . . .        L - +0 swamp dragon scales
rPois   +            P - +0 hat {Will+}
rElec   .            q - +2 cloak
rCorr   .            (gloves unavailable)
SInv    +            (boots unavailable)
Will    +++..        v - amulet of Miof Fal {Spirit Will+ Int+3}
Stlth   +            Y - +6 ring of strength
HPRegen 1.33/turn    J - +5 ring of evasion
MPRegen 0.20/turn

%: repel missiles, guardian spirit
@: protected from physical damage, corroded, held
A: large, unfitting armour, claws 3, regeneration 1, shaggy fur 1, tough skin 1,
see invisible, robust 1, subdued magic 1, MP-powered wands
}: 1/15 runes: decaying
a: Renounce Religion, Upheaval, Elemental Force, Disaster Area


You were on level 3 of the Spider Nest.
You worshipped Qazlal.
Qazlal was extremely pleased with you.
You visited 6 branches of the dungeon, and saw 30 of its levels.

You collected 3275 gold pieces.
You spent 2351 gold pieces at shops.

Inventory:

Hand Weapons
 e - the +8 rapier of the Middle {freeze, rElec rC- rN++ Will+}
   (You found it on level 3 of the Swamp)

   rC-:       It makes you vulnerable to cold.
   rElec:     It insulates you from electricity.
   rN++:      It greatly protects you from negative energy.
   Will+:     It increases your willpower.
 s - the +7 flail of Ysof {holy, rElec Int+7 Dex-3 SInv}
   (You found it on level 2 of the Dungeon)

   Int+7:     It affects your intelligence (+7).
   Dex-3:     It affects your dexterity (-3).
   rElec:     It insulates you from electricity.
   SInv:      It lets you see invisible.
Missiles
 i - 6 darts of dispersal
 z - 5 throwing nets
 S - 26 large rocks
 V - a boomerang (quivered)
 W - 11 javelins
Armour
 k - a +0 tower shield (worn)
 q - a +2 cloak (worn)
 C - +0 ice dragon scales
 D - +2 acid dragon scales
 L - +0 swamp dragon scales (worn)
 M - +0 fire dragon scales
 P - a +0 hat of willpower (worn)
Jewellery
 v - the amulet of Miof Fal (around neck) {Spirit Will+ Int+3}
   (You bought it in a shop on level 7 of the Dungeon)

   [amulet of guardian spirit]

   Spirit:    It causes incoming damage to be divided between your reserves of
   health and magic.
   Int+3:     It affects your intelligence (+3).
   Will+:     It increases your willpower.
 y - a +6 ring of dexterity
 J - a +5 ring of evasion (right claw)
 N - a ring of ice
 R - a +6 ring of intelligence
 U - an amulet of regeneration
 Y - a +6 ring of strength (left claw)
Talismans
 f - a maw talisman
Wands
 w - a wand of iceblast (7)
 H - a wand of charming (4)
 K - a wand of light (3)
Scrolls
 g - 2 scrolls of vulnerability
 h - 6 scrolls of fog
 j - 5 scrolls of poison
 l - 12 scrolls of teleportation
 n - 7 scrolls of revelation
 t - a scroll of fear
 E - 2 scrolls of silence
 F - 2 scrolls of immolation
 I - 2 scrolls of blinking
 T - 2 scrolls of summoning
Potions
 a - a potion of magic
 b - 8 potions of ambrosia
 c - a potion of berserk rage
 d - a potion of cancellation
 m - 5 potions of attraction
 r - 7 potions of curing
 u - 3 potions of invisibility
 x - 3 potions of lignification
 A - 2 potions of heal wounds
 B - 4 potions of haste
 O - a potion of enlightenment
 Q - 3 potions of brilliance
 Z - a potion of resistance
Miscellaneous
 o - a lightning rod (2/4)
 p - a phial of floods (inert)
 X - a sack of spiders (inert)


   Skills:
 * Level 11.7 Fighting
 * Level 12.9 Throwing
 * Level 9.2 Armour
 + Level 8.0 Dodging
 - Level 1.6 Stealth
 + Level 5.5 Shields
 + Level 18.6 Unarmed Combat
 * Level 12.0 Invocations
 + Level 7.0 Evocations


You had 8 spell levels left.
You knew the following spells:

 Your Spells              Type           Power      Damage    Failure   Level
a - Mephitic Cloud        Conj/Alch/Air  0%         N/A       99%         3
b - Swiftness             Air            0%         N/A       99%         3
c - Apportation           Tloc           0%         N/A       80%         1
d - Blink                 Tloc           0%         N/A       90%         2

Your spell library contained the following spells:

 Spells                   Type           Power      Damage    Failure   Level
 Kiss of Death            Conj/Necr      0%         2d5       80%         1
 Magic Dart               Conj           0%         1d3       80%         1
 Necrotise                Necr           0%         1d4       80%         1
 Sandblast                Erth           0%         2d4       80%         1
 Shock                    Conj/Air       0%         1d3       80%         1
 Slow                     Hex            0%         N/A       80%         1
 Sting                    Conj/Alch      0%         1d3       80%         1
 Summon Small Mammal      Summ           0%         N/A       80%         1
 Call Imp                 Summ           0%         N/A       90%         2
 Lesser Beckoning         Tloc           0%         N/A       90%         2
 Momentum Strike          Conj/Tloc      0%         3d8       90%         2
 Static Discharge         Conj/Air       0%         3-3/arc   90%         2
 Sublimation of Blood     Necr           0%         N/A       90%         2
 Confusing Touch          Hex            0%         N/A       99%         3
 Dazzling Flash           Conj/Hex       0%         N/A       99%         3
 Gell's Gravitas          Tloc           0%         N/A       99%         3
 Passwall                 Erth           0%         N/A       99%         3
 Sigil of Binding         Hex            0%         N/A       99%         3
 Stone Arrow              Conj/Erth      0%         3d7       99%         3
 Teleport Other           Tloc           0%         N/A       99%         3
 Tukima's Dance           Hex            0%         N/A       99%         3
 Vampiric Draining        Necr           0%         2d6       99%         3
 Volatile Blastmotes      Fire/Tloc      0%         2d10      99%         3
 Airstrike                Air            0%         2d(0-16)  100%        4
 Anguish                  Hex/Necr       0%         N/A       100%        4
 Animate Dead             Necr           0%         N/A       100%        4
 Brom's Barrelling Bould  Conj/Erth      0%         2d3       100%        4
 Cause Fear               Hex            0%         N/A       100%        4
 Dimensional Bullseye     Hex/Tloc       0%         N/A       100%        4
 Fulminant Prism          Conj/Alch      0%         3d5       100%        4
 Iskenderun's Mystic Bla  Conj/Tloc      0%         2d3       100%        4
 Leda's Liquefaction      Alch/Erth      0%         N/A       100%        4
 Martyr's Knell           Necr/Summ      0%         N/A       100%        4
 Summon Lightning Spire   Summ/Air       0%         N/A       100%        4
 Borgnjor's Vile Clutch   Necr/Erth      0%         N/A       100%        5
 Curse of Agony           Necr           0%         N/A       100%        5
 Fireball                 Conj/Fire      0%         3d3       100%        5
 Iskenderun's Battlesphe  Conj           0%         2d6       100%        5
 Lee's Rapid Deconstruct  Erth           0%         3d4*      100%        5
 Silence                  Hex/Air        0%         N/A       100%        5
 Bombard                  Conj/Erth      0%         9d1       100%        6
 Conjure Ball Lightning   Conj/Air       0%         3x3d6     100%        6
 Death Channel            Necr           0%         N/A       100%        6
 Enfeeble                 Hex            0%         N/A       100%        7
 Haunt                    Necr/Summ      0%         N/A       100%        7
 Malign Gateway           Summ/Tloc      0%         N/A       100%        7
 Orb of Destruction       Conj           0%         9d5       100%        7
 Spellforged Servitor     Conj/Summ      0%         N/A       100%        7
 Summon Hydra             Summ           0%         N/A       100%        7
 Infestation              Necr           0%         N/A       100%        8
 Summon Horrible Things   Summ           0%         N/A       100%        8


Dungeon Overview and Level Annotations

Branches:
Dungeon (15/15)            Temple (1/1) D:6            Lair (5/5) D:8
  Swamp (4/4) Lair:2       Spider (3/4) Lair:3        Slime (0/5) Lair:5
    Orc (2/2) D:10            Elf (0/3) Orc:2        Vaults (0/5) D:13
 Depths (0/4) D:15

Altars:
Ashenzari
Cheibriados
Dithmenos
Elyvilon
Fedhas
Gozag
Hepliaklqana
Kikubaaqudgha
Makhleb
Nemelex Xobeh
Okawaru
Qazlal
Ru
Sif Muna
Trog
Uskayaw
Vehumet
Wu Jian
Xom
Yredelemnul
Zin
The Shining One
Jiyva

Shops:
D:5 *   D:7 =[((=   D:8 *   D:11 *?   D:14 ?   Orc:2 !:[[:

Portals:
Trove: D:13 (give +4 demon blade)

Annotations:
Lair:4 2 transporters, Iviqoer's ghost, journeyman DECj
Spider:2 2 transporters, exclusion: orange crystal statue


Innate Abilities, Weirdness & Mutations

You are too large for most types of armour.
You have claws for hands.
Your natural rate of healing is unusually fast.
You are covered in fur. (AC +1)
You have tough skin. (AC +1)
You have supernaturally acute eyesight. (SInv)
You are robust. (+10% HP)
Your spells are a little easier to cast, but a little less powerful.
You expend magic power (3 MP) to strengthen your wands.


Message History

The jumping spider misses you. The jumping spider barely misses you.
The jumping spider leaps! x2
Things that are here:
a tarantella corpse; an entropy weaver corpse Your protection from physical attacks is fading.
The jumping spider leaps!
The jumping spider leaps!
The jumping spider is engulfed in a thunderstorm.
You barely miss the jumping spider.
The jumping spider is heavily wounded.
The jumping spider pounces on you!! The jumping spider bites you!
* * * LOW HITPOINT WARNING * * *
The jumping spider leaps!
You closely miss the jumping spider.
You feel less protected from physical attacks.
You block the jumping spider's attack. x2
You mangle the jumping spider!!
The jumping spider is severely wounded.
You block the jumping spider's attack. The jumping spider misses you.
You eviscerate the jumping spider!!!
You kill the jumping spider!
Qazlal accepts your kill.
A freezing mist starts to gather...
A jumping spider simulacrum comes into view.
The jumping spider leaps!
The jumping spider pounces on you!
* * * LOW HITPOINT WARNING * * *
You are caught in a web!
The jumping spider bites you.
* * * LOW HITPOINT WARNING * * *
You struggle to detach yourself from the web.
The jumping spider barely misses you. The jumping spider bites you.
* * * LOW HITPOINT WARNING * * *
You feel protected from physical attacks.
The jumping spider simulacrum pounces on you!
* * * LOW HITPOINT WARNING * * *
The jumping spider simulacrum freezes you!!
* * * LOW HITPOINT WARNING * * *
The jumping spider simulacrum bites you.
* * * LOW HITPOINT WARNING * * *
The jumping spider simulacrum freezes you!
You die...

.#...#. .##....
.....#^###†......
.#.#..#††††..)..#
..#..#...†.....#.
........#^#..#.s.
##.......##....#.
##.#...°## #.#.#
#^.#.#Z.# ..##
##.^#.@## ##
##..s°<##
#...§°#.#
#...#...####
##..#...#..^#
^...#^##....#
#...#....#^.^#
.^#........###
#....^#...^#


You could see a jumping spider and a jumping spider simulacrum.

Vanquished Creatures
  Nikola (Swamp:2)
  Jorgrun (Spider:2)
  Gastronok (D:12)
  Roxanne (Spider:2)
  2 thorn hunters (Swamp:4)
  2 emperor scorpions
  The ghost of Qagg the Unseen, an adept KoBe of Trog (Swamp:3)
  10 eleionomae
  3 bunyips
  2 ettins
  2 shambling mangroves
  Harold (Lair:1)
  An entropy weaver (shapeshifter) (D:14)
  A fire dragon (D:15)
  Josephine (D:13)
  Fannar (D:11)
  An ice dragon (D:15)
  A rakshasa (D:13)
  A jorogumo (Spider:2)
  3 entropy weavers (Spider:3)
  A vault guard (D:13)
  A spriggan air mage (Swamp:3)
  3 ghost crabs
  A catoblepas (Lair:3)
  7 alligators
  7 boulder beetles
  17 hydras
  2 centaur warriors (D:14)
  A death knight (D:14)
  2 ogre magi (D:15)
  4 demonic crawlers
  A tengu warrior (D:14)
  14 two-headed ogres
  9 death yaks
  3 orc high priests (Orc:2)
  Urug (Lair:4)
  A skyshark (Lair:3)
  A goliath frog (Swamp:1)
  2 pharaoh ants (Spider:1)
  Lodul (D:11)
  3 spriggan druids (Swamp:4)
  4 spectral hydras (Swamp:3)
  2 death drakes (Swamp:3)
  An arcanist (D:13)
  16 bog bodies
  5 goliath frog zombies (Swamp:3)
  14 swamp dragons
  4 orb spiders
  An obsidian statue (D:10)
  3 steelbarb worms (Spider:1)
  4 orc knights
  A deep elf pyromancer (D:13)
  2 phantasmal warriors
  A necromancer (Swamp:3)
  9 wolf spiders
  An alligator zombie (Swamp:3)
  18 ugly things
  6 cyclopes
  5 will-o-the-wisps
  3 orc sorcerers (Orc:2)
  2 manticores
  7 kobold blastminers
  6 meliai
  18 elephants
  2 black mambas (shapeshifter)
  5 torpor snails
  A black mamba (Lair:5)
  An unseen horror (D:10)
  4 gargoyles
  11 cane toads
  8 komodo dragons
  5 swamp worm zombies (Swamp:3)
  2 efreet (D:15)
  A kobold demonologist (D:10)
  Psyche (D:11)
  3 freezing wraiths
  A queen bee (Lair:2)
  A hydra zombie (Swamp:2)
  9 trolls
  4 polar bears (Lair:5)
  9 tyrant leeches
  22 tarantellas
  A wind drake (Orc:1)
  2 spectral swamp dragons (Swamp:3)
  14 hornets
  17 blink frogs
  2 dream sheep (Lair:3)
  16 jumping spiders
  11 culicivoras
  17 slime creatures
  4 vampires
  6 wyverns
  3 shadows
  19 spriggans
  63 yaks
  5 humans (D:13)
  8 basilisks
  9 wraiths
  2 wargs
  Grum (D:10)
  2 steam dragons
  7 tyrant leech zombies (Swamp:3)
  30 redbacks
  20 vampire mosquitoes
  15 swamp worms
  An acid dragon (D:8)
  21 water moccasins
  2 ice beasts
  7 swamp drakes
  19 orc warriors
  3 sky beasts
  8 black bears
  5 laughing skulls
  17 ogres
  4 boggarts (Lair:5)
  41 wolves
  4 centaurs
  Blork the orc (D:6)
  12 bullfrogs
  4 kobold brigands
  A scorpion (D:5)
  2 troll zombies (Swamp:3)
  12 wights
  19 killer bees (Lair:2)
  4 howler monkeys
  4 electric eels (Lair:2)
  A jelly (shapeshifter) (D:15)
  6 hounds
  4 lava snakes (Lair:2)
  8 orc priests
  4 jellies
  Crazy Yiuf (D:4)
  Jessica (D:2)
  A hell rat (Lair:2)
  21 orc wizards
  3 sleepcaps
  Ijyb (D:4)
  3 iguanas
  4 adders
  A white imp (D:6)
  A dart slug (D:1)
  3 ribbon worms
  71 orcs
  6 endoplasms
  4 giant cockroaches
  4 goblins
  6 hobgoblins
  4 jackals (D:5)
  12 kobolds
  A quokka (shapeshifter) (D:15)
  4 quokkas
  5 ball pythons
  A bat (shapeshifter) (D:14)
  A bat (D:2)
  2 frilled lizards (D:1)
  4 rats
995 creatures vanquished.

Vanquished Creatures (collateral kills)
  A bunyip (Swamp:3)
  2 alligators
  4 hydras
  2 vault guards (D:13)
  3 death yaks
  2 goliath frogs (Swamp:4)
  A pharaoh ant (Spider:3)
  A swamp dragon (Swamp:4)
  A sun moth (Spider:3)
  2 orc knights (Orc:2)
  A necromancer (D:13)
  An arcanist (D:13)
  2 ugly things (D:15)
  An elephant (Lair:3)
  A kobold blastminer (Orc:2)
  A komodo dragon (Lair:3)
  2 hornets (Swamp:4)
  2 tyrant leeches (Swamp:1)
  3 tarantellas (Spider:3)
  2 culicivoras (Spider:3)
  A spriggan (Swamp:4)
  A hog (shapeshifter) (D:13)
  12 humans (D:13)
  3 redbacks (Spider:3)
  4 yaks (D:10)
  2 orc warriors
  2 swamp drakes (Swamp:4)
  A laughing skull (D:13)
  2 scorpions (Lair:3)
  An orc priest (Orc:2)
  A giant cockroach (Lair:3)
65 creatures vanquished.

Vanquished Creatures (others)
  3 ugly things (D:15)
  A tengu conjurer (D:14)
  2 bloated husks
  An orc warrior (D:15)
  An electric eel (Lair:2)
  2 orc wizards (Orc:2)
  An orc (Orc:2)
  9 foxfires
20 creatures vanquished.

Grand Total: 1080 creatures vanquished

Notes
Turn   | Place    | Note
-------+----------+-------------------------------------------
     0 | D:1      | Rogue the Troll Monk began the quest for the Orb.
     0 | D:1      | Reached XP level 1. HP: 22/22 MP: 0/0
   145 | D:1      | Reached XP level 2. HP: 29/29 MP: 1/1
   599 | D:2      | Reached XP level 3. HP: 33/36 MP: 2/2
   880 | D:2      | Noticed Jessica
   893 | D:2      | Killed Jessica
   966 | D:2      | Identified the +7 flail of Ysof {holy, rElec Int+7 Dex-3
                  | SInv}
  1335 | D:3      | Found a faded altar of an unknown god.
  1342 | D:3      | Reached XP level 4. HP: 45/45 MP: 3/3
  1406 | D:3      | Reached skill level 4 in Unarmed Combat
  1482 | D:3      | Found a bloodstained altar of Trog.
  1951 | D:3      | Found a shimmering blue altar of Sif Muna.
  2190 | D:4      | Found a shadowy altar of Dithmenos.
  2210 | D:4      | Noticed Ijyb
  2236 | D:4      | Killed Ijyb
  2237 | D:4      | Reached skill level 1 in Throwing
  2320 | D:4      | Reached XP level 5. HP: 53/53 MP: 4/4
  2359 | D:4      | Noticed a black bear
  2366 | D:4      | Noticed an ogre
  2367 | D:4      | Killed a black bear
  2368 | D:4      | Reached skill level 5 in Unarmed Combat
  2374 | D:4      | Killed an ogre
  2375 | D:4      | Reached XP level 6. HP: 61/61 MP: 5/5
  2416 | D:4      | Found a sacrificial altar of Ru.
  2587 | D:4      | Found a runed translucent door.
  2588 | D:4      | Noticed Crazy Yiuf
  2693 | D:4      | Killed Crazy Yiuf
  2727 | D:5      | Entered Level 5 of the Dungeon
  2735 | D:5      | Learned a level 3 spell: Mephitic Cloud
  2771 | D:5      | Noticed an ice beast
  2773 | D:5      | Killed an ice beast
  2776 | D:5      | Reached XP level 7. HP: 68/68 MP: 6/6
  2812 | D:5      | Reached skill level 6 in Unarmed Combat
  2919 | D:5      | Found Sadi's General Store.
  2930 | D:5      | Bought a scroll of revelation for 112 gold pieces
  3591 | D:5      | Bought a scroll of immolation for 60 gold pieces
  3615 | D:6      | Noticed Blork the orc
  3620 | D:6      | Killed Blork the orc
  3626 | D:6      | Reached XP level 8. HP: 78/78 MP: 7/7
  3650 | D:6      | Reached skill level 7 in Unarmed Combat
  3799 | D:6      | Found a staircase to the Ecumenical Temple.
  3808 | Temple   | Entered the Ecumenical Temple
  3823 | Temple   | Became a worshipper of Qazlal Stormbringer
  3823 | Temple   | Reached * piety under Qazlal
  3823 | Temple   | Reached ** piety under Qazlal
  3925 | D:6      | Found a snail-covered altar of Cheibriados.
  4210 | D:7      | Found Bugut's Antique Weapon Shoppe.
  4238 | D:7      | Found Ogukheir's Antique Weapon Shoppe.
  4278 | D:7      | Reached skill level 1 in Evocations
  4329 | D:7      | Reached skill level 5 in Throwing
  4366 | D:7      | Reached skill level 1 in Invocations
  4371 | D:7      | Found a shimmering altar of Xom.
  4448 | D:7      | Found Zeiwyjar's Antique Armour Shop.
  4454 | D:7      | Found Efaxyky's Jewellery Shop.
  4558 | D:7      | Found Onucwa's Jewellery Boutique.
  4573 | D:7      | Reached XP level 9. HP: 87/87 MP: 9/9
  4716 | D:7      | Reached skill level 8 in Unarmed Combat
  4931 | D:8      | Reached skill level 5 in Fighting
  4931 | D:8      | Found a staircase to the Lair.
  4956 | D:8      | Reached skill level 1 in Stealth
  5044 | D:8      | Reached skill level 9 in Unarmed Combat
  5049 | D:8      | Reached XP level 10. HP: 31/96 MP: 11/11
  5111 | D:8      | Found Sawidiq's Fire Supplies.
  5498 | D:8      | Reached skill level 1 in Armour
  5545 | D:8      | Reached *** piety under Qazlal
  5806 | D:9      | Reached skill level 10 in Unarmed Combat
  6027 | D:9      | Found a basalt altar of Yredelemnul.
  6151 | D:9      | Noticed a two-headed ogre
  6162 | D:9      | Killed a two-headed ogre
  6163 | D:9      | Reached skill level 5 in Invocations
  6163 | D:9      | Reached XP level 11. HP: 106/106 MP: 13/13
  6917 | D:10     | Entered Level 10 of the Dungeon
  6940 | D:10     | Found a staircase to the Orcish Mines.
  6998 | D:10     | Reached skill level 11 in Unarmed Combat
  7072 | D:10     | Noticed an obsidian statue
  7114 | D:10     | Found a radiant altar of Vehumet.
  7152 | D:10     | Reached **** piety under Qazlal
  7355 | D:10     | Noticed a two-headed ogre
  7364 | D:10     | Killed a two-headed ogre
  7923 | Orc:1    | Entered Level 1 of the Orcish Mines
  7927 | Orc:1    | Noticed an ettin
  7942 | Orc:1    | Killed an ettin
  7992 | Orc:1    | Noticed Erolcha
  8005 | Orc:1    | Erolcha changed into Erolcha the wind drake
  8005 | Orc:1    | Noticed Erolcha
  8013 | Orc:1    | Killed Erolcha the wind drake
  8120 | Orc:1    | Reached XP level 12. HP: 84/118 MP: 15/15
  8392 | Orc:1    | Reached skill level 12 in Unarmed Combat
  8572 | D:7      | Bought the amulet of Miof Fal {Spirit Will+ Int+3} for 537
                  | gold pieces
  8704 | Orc:2    | Entered Level 2 of the Orcish Mines
  8883 | Orc:2    | Reached skill level 5 in Dodging
  9081 | Orc:2    | Noticed an ettin
  9091 | Orc:2    | Killed an ettin
  9267 | Orc:2    | Noticed an orc high priest
  9272 | Orc:2    | Killed an orc high priest
  9281 | Orc:2    | Noticed an orc high priest
  9282 | Orc:2    | Noticed an orc high priest
  9294 | Orc:2    | Killed an orc high priest
  9295 | Orc:2    | Gained mutation: You have supernaturally acute eyesight.
                  | (SInv) [potion of mutation]
  9295 | Orc:2    | Gained mutation: You expend magic power (3 MP) to
                  | strengthen your wands. [potion of mutation]
  9295 | Orc:2    | Gained mutation: Your spells are a little easier to cast,
                  | but a little less powerful. [potion of mutation]
  9295 | Orc:2    | Gained mutation: You are robust. (+10% HP) [potion of
                  | mutation]
  9298 | Orc:2    | Killed an orc high priest
  9346 | Orc:2    | Reached skill level 13 in Unarmed Combat
  9453 | Orc:2    | Found a staircase to the Elven Halls.
  9552 | Orc:2    | Found Ikhlaung's Book Shop.
  9552 | Orc:2    | Found Netaf's Book Emporium.
  9554 | Orc:2    | Found Arghav Morei's Armour Shop.
  9554 | Orc:2    | Found Reawk's Armour Emporium.
  9564 | Orc:2    | Learned a level 3 spell: Swiftness
  9605 | Orc:2    | Found Ruceal's Distillery.
  9613 | Orc:2    | Bought a potion of haste for 140 gold pieces
  9613 | Orc:2    | Bought a potion of enlightenment for 70 gold pieces
  9613 | Orc:2    | Bought a potion of heal wounds for 70 gold pieces
  9613 | Orc:2    | Bought a potion of heal wounds for 70 gold pieces
  9613 | Orc:2    | Bought a potion of brilliance for 56 gold pieces
 10002 | Lair:1   | Entered Level 1 of the Lair of Beasts
 10176 | Lair:1   | Noticed a death yak
 10178 | Lair:1   | Noticed a death yak
 10182 | Lair:1   | Noticed a death yak
 10184 | Lair:1   | Noticed a death yak
 10190 | Lair:1   | Killed a death yak
 10191 | Lair:1   | Reached XP level 13. HP: 124/140 MP: 13/17
 10745 | Lair:1   | Noticed Harold
 10765 | Lair:1   | Killed Harold
 10766 | Lair:1   | Reached skill level 5 in Armour
 11129 | Lair:1   | HP: 6/140 [cane toad (15)]
 11854 | Lair:2   | Found a staircase to the Swamp.
 12602 | Lair:2   | Reached skill level 14 in Unarmed Combat
 12936 | Lair:3   | Found a hole to the Spider Nest.
 13189 | Lair:3   | Reached XP level 14. HP: 128/154 MP: 19/19
 14201 | Lair:4   | Noticed Urug
 14209 | Lair:4   | Killed Urug
 14211 | Lair:4   | Reached ***** piety under Qazlal
 14467 | Lair:4   | Noticed Iviqoer's ghost (journeyman DECj)
 14475 | Lair:4   | Found a transporter.
 14534 | Lair:4   | Reached skill level 15 in Unarmed Combat
 14691 | Lair:4   | Found a bloodstained altar of Trog.
 14886 | Lair:4   | Found a transporter.
 14911 | Lair:4   | Found a bloodstained altar of Trog.
 15063 | Lair:5   | Entered Level 5 of the Lair of Beasts
 15172 | Lair:5   | Paralysed by a hornet for 2 turns
 15776 | Lair:5   | Found a viscous altar of Jiyva.
 15776 | Lair:5   | Found a staircase to the Slime Pits.
 16570 | D:7      | Bought a +6 ring of strength for 396 gold pieces
 16853 | D:11     | Reached skill level 10 in Throwing
 16888 | D:11     | Noticed Psyche
 16891 | D:11     | Killed Psyche
 16897 | D:11     | Noticed Lodul
 16903 | D:11     | Killed Lodul
 16904 | D:11     | Reached XP level 15. HP: 115/163 MP: 14/21
 17025 | D:11     | Found Vinich's Assorted Antiques.
 17172 | D:11     | Noticed Fannar
 17177 | D:11     | Reached skill level 16 in Unarmed Combat
 17184 | D:11     | Killed Fannar
 17221 | D:11     | Found Naprishri's Magic Scroll Shoppe.
 17370 | D:12     | Reached ****** piety under Qazlal
 17777 | D:12     | Noticed Gastronok
 17787 | D:12     | Killed Gastronok
 18241 | D:13     | Noticed Josephine
 18249 | D:13     | Killed Josephine
 18264 | D:13     | Reached skill level 10 in Fighting
 18348 | D:13     | Found a white marble altar of Elyvilon.
 18367 | D:13     | Found a portal to a secret trove of treasure.
 18663 | D:13     | Reached skill level 10 in Invocations
 18969 | D:13     | Found a gate to the Vaults.
 19151 | D:10     | Noticed Grum
 19162 | D:10     | Killed Grum
 19952 | D:14     | Found Soaxzouf's Magic Scroll Shoppe.
 20091 | D:14     | Reached skill level 1 in Shields
 20269 | D:14     | Reached skill level 17 in Unarmed Combat
 20397 | D:14     | Learned a level 1 spell: Apportation
 20400 | D:14     | Learned a level 2 spell: Blink
 20407 | D:15     | Entered Level 15 of the Dungeon
 20475 | D:15     | Reached skill level 5 in Evocations
 20495 | D:15     | Reached XP level 16. HP: 174/174 MP: 16/22
 21155 | D:15     | Found a staircase to the Depths.
 21268 | D:15     | Found a shimmering altar of Xom.
 21268 | D:15     | Found a shimmering altar of Xom.
 21269 | D:15     | Found a shimmering altar of Xom.
 21270 | D:15     | Found a shimmering altar of Xom.
 21325 | D:15     | Found a shimmering altar of Xom.
 21717 | D:8      | Bought +0 fire dragon scales for 840 gold pieces
 21883 | Swamp:1  | Entered Level 1 of the Swamp
 22846 | Swamp:1  | You fall into a shaft and drop 1 floor!
 23765 | Swamp:2  | Noticed Nikola
 23774 | Swamp:2  | Killed Nikola
 23927 | Swamp:2  | Got the Catalogue of Reanimation Made Easy
 24482 | Swamp:3  | Reached XP level 17. HP: 171/185 MP: 15/24
 25128 | Swamp:3  | Identified the +8 rapier of the Middle {freeze, rElec rC-
                  | rN++ Will+}
 25266 | Swamp:3  | Reached skill level 18 in Unarmed Combat
 25355 | Swamp:3  | Found a transporter.
 25417 | Swamp:3  | Found a transporter.
 25427 | Swamp:3  | Noticed Qagg's ghost (adept KoBe)
 25704 | Swamp:3  | Killed Qagg's ghost
 26199 | Swamp:4  | Entered Level 4 of the Swamp
 26707 | Swamp:3  | Identified the +5 scale mail of Complete Protection
                  | {Rampage}
 27186 | Swamp:4  | Got a decaying rune of Zot
 27613 | Spider:1 | Entered Level 1 of the Spider Nest
 28108 | Spider:1 | Reached XP level 18. HP: 166/196 MP: 21/25
 28793 | Spider:2 | Found a transporter.
 29071 | Spider:2 | Noticed Jorgrun
 29089 | Spider:2 | Killed Jorgrun
 29102 | Spider:2 | Reached skill level 5 in Shields
 29349 | Spider:2 | Found a transporter.
 29484 | Spider:2 | Noticed Roxanne
 29742 | Spider:2 | Killed Roxanne
 29975 | Spider:3 | Slain by a jumping spider simulacrum

Illustrated notes

Levels and vault maps discovered:
D:1:      lightli_arrival_flooded_house, layout_rooms,
          chequers_serial_rivers_micro_c, hangedman_decor_growths,
          minmay_misc_feat_tiny
D:2:      layout_loops_corners, nrook_loot_triangle,
          nicolae_twisty_statue_hallways, uniq_jessica
D:3:      layout_loops_ring, lemuel_doored_altar, tgw_sif,
          nicolae_ecumenical_pavilion, chequers_serial_rivers_micro_a,
          minmay_misc_feat_plants, serial_park_tiny_2, hangedman_decor_points,
          minmay_misc_feat_diagonals
D:4:      layout_cave_pools, grunt_dithmenos_smoke_and_mirrors,
          nicolae_ru_awakened_eye, uniq_ijyb, uniq_crazy_yiuf_cottage
D:5:      layout_basic, serial_shops, shop
D:6:      layout_gridville, mainiacjoe_overflow_surrounded_room,
          minmay_temple_entry_antechambers, chequers_arboretum,
          uniq_blork_the_orc
D:7:      layout_basic, old_standard_altar, serial_shops, nicolae_shop_stone,
          nicolae_shop_tiny_real_fake_doors, nicolae_take_the_stairs,
          nicolae_shop_statue_plus, shop
D:8:      nicolae_cairo_tiling, layout_basic, david_lair_generic,
          nicolae_shop_fire_sale [nicolae_sub_dead_trees]
D:9:      layout_irregular_city, mainiacjoe_overflow_paths
D:10:     minmay_bubble_buster, layout_cross, marbit_many_paths,
          minmay_protected_statue, uniq_grum
D:11:     layout_roguey [special_room_orc], serial_shops,
          nicolae_shop_behind_doors, shop, ebering_dispersal_statue_hall,
          uniq_fannar, uniq_lodul, uniq_psyche
D:12:     minmay_clustersquares, layout_rooms, eino_curves_03, uniq_gastronok
D:13:     layout_rooms, grunt_vaults_entry_tiered,
          nicolae_trove_entry_free_sample, elyvilon_altar_1, uniq_josephine
D:14:     layout_roguey, serial_shops, nicolae_shop_stone
D:15:     grunt_enter_depths_hoard, layout_irregular_city,
          hangedman_abyss_or_decor_jellyfish_corner, xom_shifter_show
Temple:   eino_narrow_crystal_temple
Lair:1:   layout_gridlike, uniq_harold
Lair:2:   layout_small_grid, minmay_swamp_entry_wisps, special_room
          [special_room_bee], nicolae_lair_liquid_snakes, grunt_megastairs_3,
          serial_bayou_shore_a, infiniplex_staircase_pool
Lair:3:   nzn_winding_woodlands_cross [nzn_winding_woodlands_5x15_pool,
          nzn_winding_woodlands_5x15_split_checker,
          nzn_winding_woodlands_5x15_twine, nzn_winding_woodlands_5x15_parted,
          nzn_winding_woodlands_15x15_thick_spiral], layout_regular_city,
          nicolae_spider_entry_non_spiders, beast_lair_carwin_10
Lair:4:   layout_cave_pods, gammafunk_ghost_wrathful_warriors, basic_altar,
          uniq_urug
Lair:5:   minmay_lair_end_enchanted_forest, layout_hall_layers,
          minmay_slime_entry_pillars, nicolae_quartered_pool_little
Swamp:1:  layout_basic_swamp, serial_swamp_ruin, evilmike_swamp_ruin_rubble_1,
          evilmike_swamp_ruin_house_2, evilmike_swamp_ruin_house_1,
          nicolae_swamp_tree_isthmus, nicolae_swamp_long_stream
Swamp:2:  layout_basic_swamp, hangedman_swamp_ruin_wall, swamp_pool_1_2,
          statue_in_the_mist_lemuel, nicolae_swamp_necromancy_gone_wrong,
          uniq_nikola
Swamp:3:  cheibrodos_swamp_mausoleum, layout_basic_swamp, gammafunk_ghost_arena,
          nicolae_swamp_treefoil, nicolae_swamp_decorative_isthmus
Swamp:4:  swamp_alternative, layout_basic_swamp
Spider:1: layout_spider_delve, hangedman_spider_tarantella_strand
Spider:2: gammafunk_sealed_arena, uniq_jorgrun, uniq_roxanne
Spider:3: layout_spider_delve, nicolae_spider_altar_of_dancing
Orc:1:    layout_diamond_mine, uniq_erolcha
Orc:2:    grunt_orc_tribal_feast, layout_caves, basic_altar, serial_shops,
          nicolae_shop_industrial_runoff, guppyfry_library_mini

Skill      XL: |  1  2  3  4  5  6  7  8  9 10 11 12 13 14 15 16 17 18 |
---------------+-------------------------------------------------------+-----
Fighting       | 3 4 5 6 7 8 9 10 11 | 11.7
Unarmed Combat | 4 5 6 7 9 10 11 13 14 15 17 18 | 18.6
Throwing       | 1 2 3 5 6 7 8 9 10 11 12 | 12.9
Dodging        | 3 4 5 6 7 8 |  8.0
Evocations     | 1 2 3 5 6 7 |  7.0
Invocations    | 1 3 5 6 7 8 9 10 11 12 | 12.0
Stealth        | 1 |  1.6
Armour         | 2 3 4 6 7 8 9 |  9.2
Shields        | 1 2 4 5 |  5.5

Action                     |  1- 3 |  4- 6 |  7- 9 | 10-12 | 13-15 | 16-18 || total
---------------------------+-------+-------+-------+-------+-------+-------++-------
  Melee: Unarmed           |    55 |    58 |   115 |   409 |   988 |   784 ||  2409
         Punch             |       |       |       |       |     8 |    54 ||    62
  Throw: Dart              |       |     8 |    15 |    47 |    37 |       ||   107
         Boomerang         |       |     3 |    61 |    85 |    22 |    83 ||   254
         Large rock        |       |       |       |     7 |    49 |    95 ||   151
         Javelin           |       |       |       |     9 |     5 |     3 ||    17
 Invoke: Upheaval          |       |       |       |    10 |     6 |     6 ||    22
         Elemental Force   |       |       |       |     3 |     8 |    15 ||    26
  Evoke: Wand              |       |     4 |    21 |     6 |    37 |   107 ||   175
         Lightning rod     |       |       |       |       |     5 |     9 ||    14
         Phial of floods   |       |       |       |       |     1 |     3 ||     4
         Sack of spiders   |       |       |       |       |     1 |     3 ||     4
    Use: Scroll            |       |     5 |     1 |     5 |    18 |     2 ||    31
         Potion            |       |     1 |       |     2 |     6 |     8 ||    17
   Stab: Paralysed         |       |       |       |     1 |     5 |    11 ||    17
         Invisible         |       |       |       |       |     5 |     3 ||     8
         Distracted        |       |       |       |       |     1 |     4 ||     5
 Armour: Robe              |    22 |    40 |    68 |       |       |       ||   130
         Acid dragon scale |       |       |       |   320 |   801 |    36 ||  1157
         Ice dragon scales |       |       |       |       |       |   425 ||   425
         Swamp dragon scal |       |       |       |       |       |   191 ||   191
         Skin              |       |       |       |       |       |    47 ||    47
  Dodge: Dodged            |    19 |    17 |    37 |   243 |   617 |   458 ||  1391
         Repelled          |       |       |       |     5 |    13 |    10 ||    28
  Block: Other             |       |       |       |       |    18 |   114 ||   132
         Tower shield      |       |       |       |       |       |   476 ||   476
         Form:             |       |       |       |       |     1 |       ||     1
         Maw               |       |       |       |       |     1 |       ||     1

Table legend: (Time is in decaauts)
 A = Elapsed time spent in this place.
 B = Non-inter-level travel time spent in this place.
 C = Inter-level travel time spent in this place.
 D = Time resting spent in this place.
 E = Time spent auto-exploring this place.
 F = Levels seen in this place.
 G = Mean time per level.
                   A        B        C        D        E       F      G
               +--------+--------+--------+--------+--------+-----+--------+
         Total |  29479 |  26613 |   2866 |    803 |  20430 |  30 |  982.6 |
       Dungeon |  13462 |  11892 |   1570 |    136 |   9390 |  15 |  897.5 |
        Temple |     30 |      2 |     28 |      0 |      0 |   1 |   30.0 |
          Lair |   6703 |   6194 |    509 |    336 |   4670 |   5 | 1340.6 |
         Swamp |   5171 |   4810 |    361 |    132 |   3727 |   4 | 1292.8 |
   Spider Nest |   2337 |   2098 |    239 |    189 |   1450 |   3 |  779.0 |
  Orcish Mines |   1773 |   1616 |    157 |     10 |   1192 |   2 |  886.5 |
               +--------+--------+--------+--------+--------+-----+--------+

Top non-repeatable levels by time:
 Swamp:3: 1979 daAuts
  Lair:2: 1781 daAuts
Spider:1: 1417 daAuts
  Lair:5: 1370 daAuts
  Lair:3: 1368 daAuts
     D:9: 1364 daAuts
    D:10: 1352 daAuts
 Swamp:1: 1274 daAuts
  Lair:1: 1253 daAuts
 Swamp:4: 1141 daAuts
     D:8: 1135 daAuts
    D:15: 1122 daAuts
    D:13: 1075 daAuts
    D:14: 1005 daAuts
   Orc:2: 953 daAuts
